 Dungeon Crawl Stone Soup version 0.17-a0-755-g4391640 (webtiles) character file.

322 karvarausku the Cudgeler (level 6, -1/55 HPs)
             Began as an Ogre Arcane Marksman on Apr 22, 2015.
             Slain by a slave (7 damage)
             ... led by Pikel
             ... on level 4 of the Dungeon.
             The game lasted 00:20:31 (6061 turns).

karvarausku the Cudgeler (Ogre Arcane Marksman)     Turns: 6061, Time: 00:20:31

Health: -1/55      AC:  3    Str: 17    XL:     6   Next: 47%
Magic:  16/16      EV: 10    Int: 13    God:
Gold:   237        SH:  0    Dex: 13    Spells: 2 memorised, 5 levels left

rFire  . . .     SeeInvis .     h - +0 whip
rCold  . . .     Clarity  .     o - +0 robe {Robe of the messiah}
rNeg   . . .     SustAb   .     (no shield)
rPois  .         Gourm    .     (helmet restricted)
rElec  .         Spirit   .     (no cloak)
rCorr  .         Warding  .     (gloves unavailable)
rMut   .         Stasis   .     (boots unavailable)
MR     .....                    (no amulet)
Stlth  +.........               p - +3 ring of dexterity
                                j - ring of magical power

@: not resistant to hostile enchantments, very unstealthy
A: unfitting armour, tough skin 1
a: no special abilities


You were on level 4 of the Dungeon.
You were hungry.

You visited 1 branch of the dungeon, and saw 5 of its levels.

You collected 237 gold pieces.

Inventory:

Hand weapons
 h - a +0 whip (weapon)
Missiles
 g - 2 throwing nets
 w - 159 stones (quivered)
Armour
 a - a +0 robe
 o - a +0 robe (worn) {Robe of the messiah}
 x - a +0 robe
Jewellery
 c - an uncursed ring of teleportation
 j - a ring of magical power (left hand)
 p - a +3 ring of dexterity (right hand)
Magical devices
 A - a wand of flame (8)
Scrolls
 f - a scroll of blinking {unknown}
 i - a scroll of fear {unknown}
 l - a scroll of noise {unknown}
 n - 2 scrolls of identify
 q - a scroll of remove curse
 r - a scroll of amnesia {unknown}
 u - 2 scrolls of teleportation
 y - a scroll of magic mapping {unknown}
 C - a scroll of enchant armour {unknown}
 D - a scroll of recharging {unknown}
Potions
 m - 2 potions of curing
 s - a potion of lignification {unknown}
 v - a potion of might
 z - 2 potions of restore abilities
 B - a potion of heal wounds {unknown}
Books
 d - a book of Debilitation

   Spells                             Type                      Level
   a - Corona                         Hexes                        1
   b - Slow                           Hexes                        2
   c - Gell's Gravitas                Hexes/Translocation          3
   d - Inner Flame                    Hexes/Fire                   3
   e - Cause Fear                     Hexes                        4
   f - Leda's Liquefaction            Hexes/Earth                  4
 t - a book of Air

   Spells                             Type                      Level
   a - Shock                          Conjuration/Air              1
   b - Swiftness                      Charms/Air                   2
   c - Repel Missiles                 Charms/Air                   2
   d - Flight                         Charms/Air                   3
   e - Static Discharge               Conjuration/Air              3
   f - Lightning Bolt                 Conjuration/Air              5
Comestibles
 e - 3 bread rations
 k - a beef jerky
 E - a chunk of flesh


   Skills:
 - Level 1.3 Fighting
 + Level 6.2 Maces & Flails
 + Level 4.9 Throwing
 - Level 1.7 Dodging
 - Level 1.2 Spellcasting
 - Level 2.1 Hexes


You had 5 spell levels left.
You knew the following spells:

 Your Spells              Type           Power        Failure   Level  Hunger
a - Corona                Hex            #......      14%         1    ##.....
b - Shock                 Conj/Air       #...         30%         1    ##.....


Dungeon Overview and Level Annotations

Branches:
Dungeon (5/15)
 Temple: D:4-7

Altars:
Nemelex Xobeh
The Shining One

Shops:
D:4 !

Annotations:
D:4 Pikel
D:5 Menkaure


Innate Abilities, Weirdness & Mutations

You are too large for most types of armour.
You have tough skin (AC +1).


Message History

Aim: a slave, wearing an animal skin (almost dead)
You throw a stone. The stone hits the slave.
The slave is almost dead.
The slave barely misses you.
You are too injured to fight recklessly!
You barely miss the slave.
The slave is almost dead.
You hit the slave but do no damage.
The slave is almost dead.
The slave barely misses you.
You closely miss the slave.
The slave is almost dead.
The slave barely misses you.
You hit the slave but do no damage.
The slave is almost dead.
The slave closely misses you.
You closely miss the slave.
The slave is almost dead.
The slave hits you!
You die...

############
#..........#
############..........#
#..........'....).....#
.......#####..........#
#.##.......#....@.....#
#.##......^#....p.....#
#.##.......#..........#
#.##.......#####(######
#.####+##### #.# #.#
#.# #.# #.####.# #.#
......>#########.#
..#.##.#.......#(#


You could see a slave.

Vanquished Creatures
  3 slaves
  A scorpion (D:3)
  2 orc wizards (D:4)
  A jelly (D:5)
  A worker ant (D:4)
  4 adders
  2 oozes (D:2)
  An adder skeleton (D:4)
  2 worms
  10 orcs
  A ball python (D:3)
  2 giant cockroaches
  9 hobgoblins
  10 jackals
  6 kobolds
  4 quokkas
  16 bats
  3 giant geckos
  A giant gecko skeleton (D:4)
  3 giant newts
  9 goblins
  5 rats
96 creatures vanquished.

Notes
Turn   | Place    | Note
--------------------------------------------------------------
     0 | D:1      | karvarausku, the Ogre Arcane Marksman, began the quest for the Orb.
     0 | D:1      | Reached XP level 1. HP: 19/19 MP: 2/2
    90 | D:1      | Reached skill level 1 in Maces & Flails
   866 | D:1      | Reached XP level 2. HP: 27/27 MP: 0/3
  1093 | D:1      | Reached XP level 3. HP: 25/33 MP: 0/4
  1214 | D:1      | Reached skill level 3 in Throwing
  1572 | D:1      | HP: 1/33 [poisoned by an adder]
  1871 | D:2      | Reached XP level 4. HP: 31/41 MP: 2/5
  2454 | D:3      | Reached skill level 4 in Maces & Flails
  2771 | D:3      | Reached XP level 5. HP: 48/48 MP: 4/6
  2875 | D:3      | Reached skill level 5 in Maces & Flails
  2896 | D:3      | HP: 2/48 [orc/hand axe (5)]
  3706 | D:3      | Found a glowing golden altar of the Shining One.
  3958 | D:4      | Found a sparkling altar of Nemelex Xobeh.
  4111 | D:4      | Found Dozu's Distillery.
  4280 | D:4      | Reached XP level 6. HP: 30/55 MP: 7/7
  4283 | D:4      | Reached skill level 6 in Maces & Flails
  4465 | D:4      | Noticed a slave
  4465 | D:4      | Noticed a slave
  4465 | D:4      | Noticed a slave
  4465 | D:4      | Noticed a slave
  4466 | D:4      | Noticed Pikel
  4517 | D:3      | Killed a slave
  4763 | D:3      | Learned a level 1 spell: Shock
  5213 | D:3      | Killed a slave
  5542 | D:4      | HP: 2/55 [slave[Pikel] (3)]
  5546 | D:4      | Killed a slave
  5802 | D:5      | Entered Level 5 of the Dungeon
  5925 | D:5      | Noticed Menkaure
  6061 | D:4      | Slain by a slave

Action                   |  1- 3 |  4- 6 || total
-------------------------+-------+-------++-------
Melee: Whip              |   101 |   318 ||   419
Throw: Large rock        |    26 |    29 ||    55
       Stone             |     6 |   116 ||   122
       Throwing net      |     2 |       ||     2
 Cast: Corona            |    19 |    25 ||    44
       Shock             |       |     3 ||     3
Evoke: Wand              |       |     9 ||     9
  Use: Potion            |     2 |     1 ||     3
       Scroll            |       |     6 ||     6
  Eat: Chunk             |     4 |    14 ||    18
